 Dungeon Crawl Stone Soup version 0.24.0-13-gcf9b3192b9 (webtiles) character file.

Game seed: 7670060675758181429, levelgen mode: deterministic

105 Katsumi the Changer (level 4, 0/17 HPs)
             Began as a Felid Transmuter on Nov 10, 2019.
             Was a Follower of Makhleb.
             Slain by a ball python (1 damage)
             ... on level 4 of the Dungeon.
             The game lasted 00:06:53 (6535 turns).

Katsumi the Changer (Felid Transmuter)              Turns: 6535, Time: 00:06:53

Health: 0/17       AC:  1    Str:  4    XL:     4   Next: 53%
Magic:  0/8        EV: 15    Int: 15    God:    Makhleb [*.....]
Gold:   149        SH:  0    Dex: 17    Spells: 0/7 levels left
                                        Lives:  0   Deaths: 1

rFire    . . .     SeeInvis +     - Unarmed
rCold    . . .     Gourm    .   (shield unavailable)
rNeg     . . .     Faith    .   (armour unavailable)
rPois    .         Spirit   +   (helmet unavailable)
rElec    .         Reflect  .   (cloak unavailable)
rCorr    .         Harm     .   (gloves unavailable)
MR       .....                  (boots unavailable)
Stlth    ++........             m - amulet of guardian spirit
HPRegen  0.05/turn              (no ring)
MPRegen  0.11/turn              (no ring)

@: constricted, quick
A: very small, no armour, no weapons or thrown items, stealth, claws 1, fangs 3,
see invisible, carnivore, speed 1, frail 1, shaggy fur 1, slow metabolism 1,
weak 1, sharp paws
a: Renounce Religion


You were on level 4 of the Dungeon.
You worshipped Makhleb.
Makhleb was aware of your devotion.
You were not hungry.

You visited 1 branch of the dungeon, and saw 4 of its levels.

You collected 149 gold pieces.

Inventory:

Missiles
 a - 52 arrows
Jewellery
 m - an amulet of guardian spirit (around neck)
 p - an uncursed amulet of the acrobat {unknown}
Wands
 n - a wand of disintegration (17)
Scrolls
 b - a scroll of blinking {unknown}
 d - a scroll of fog {unknown}
 e - a scroll of noise {unknown}
 f - 4 scrolls of remove curse {unknown}
 h - a scroll of magic mapping {unknown}
 k - 2 scrolls of identify {unknown}
 o - a scroll of teleportation {unknown}
 q - a scroll of immolation {unknown}
 r - a scroll of amnesia {unknown}
Potions
 g - a potion of flight {unknown}
 i - a potion of brilliance
 j - a potion of curing {unknown}
 l - a potion of degeneration
 s - a potion of agility {unknown}
 t - a potion of berserk rage {unknown}
Comestibles
 c - 8 rations


   Skills:
 - Level 1.0 Fighting
 - Level 2.6 Dodging
 - Level 3.0 Unarmed Combat
 - Level 2.0 Spellcasting
 + Level 6.4 Transmutations


You couldn't memorise any spells.
You knew the following spells:

 Your Spells              Type           Power        Failure   Level  Hunger
a - Beastly Appendage     Tmut           ###...       1%          1    #......
b - Sticks to Snakes      Tmut           ###.....     2%          2    ###....
c - Blade Hands           Tmut           ###.......   41%         5    ######.

Your spell library contained the following spells:

 Spells                   Type           Power        Failure   Level  Hunger
 Spider Form              Tmut/Pois      ##........   19%         3    ###....
 Ice Form                 Ice/Tmut       ##......     52%         4    #####..


Dungeon Overview and Level Annotations

Branches:
Dungeon (4/15)
 Temple: D:4-7

Altars:
Makhleb

Annotations:
D:3 exclusion: adder, Grinder


Innate Abilities, Weirdness & Mutations

You cannot wear armour.
You are incapable of wielding weapons or throwing items.
Your paws allow you to move quietly. (Stealth)
You have sharp claws.
You have razor-sharp teeth.
You have supernaturally acute eyesight. (SInv)
You are carnivorous and can eat meat at any time.
You cover ground quickly.
You are covered in fur. (AC +1)
You have a slow metabolism.
Your sharp claws are effective at attacking unaware monsters.
You are frail. (-10% HP)
You are weak. (Str -2)


Message History

* * * LOW HITPOINT WARNING * * *
The ball python constricts you.
The ball python bites you but does no damage.
The ball python constricts you.
The ball python bites you but does no damage.
* * * LOW HITPOINT WARNING * * *
The ball python constricts you. The ball python barely misses you.
The ball python constricts you. The ball python closely misses you.
The ball python constricts you. The ball python bites you.
* * * LOW HITPOINT WARNING * * *
The ball python constricts you.
The ball python bites you but does no damage.
The ball python constricts you. The ball python closely misses you.
The ball python constricts you. The ball python bites you.
* * * LOW HITPOINT WARNING * * *
The ball python constricts you. The ball python misses you.
You die...

### #<#
#@#
#.Sw...#
######.#


You could see a worm and a ball python.

Vanquished Creatures
  An orc priest (D:3)
  A howler monkey skeleton (D:3)
  6 adders
  An ooze (D:1)
  2 worms (D:3)
  4 dart slugs
  2 leopard geckos
  11 orcs (D:3)
  5 giant cockroaches
  6 goblins
  6 hobgoblins
  6 jackals
  6 kobolds
  2 quokkas (D:2)
  6 bats
  5 frilled lizards
  8 rats
78 creatures vanquished.

Vanquished Creatures (collateral kills)
  An adder (D:2)
  An ooze (D:2)
  A goblin (D:2)
  A quokka (D:3)
4 creatures vanquished.

Grand Total: 82 creatures vanquished

Notes
Turn   | Place    | Note
-------+----------+-------------------------------------------
     0 | D:1      | Katsumi the Felid Transmuter began the quest for the Orb.
     0 | D:1      | Reached XP level 1. HP: 9/9 MP: 4/4
   483 | D:1      | Reached skill level 3 in Transmutations
   483 | D:1      | Reached XP level 2. HP: 4/12 MP: 6/6
   542 | D:1      | Learned a level 2 spell: Sticks to Snakes
  1649 | D:2      | Reached XP level 3. HP: 15/15 MP: 5/7
  1651 | D:2      | Reached skill level 4 in Transmutations
  1730 | D:2      | Found a burning altar of Makhleb.
  1740 | D:2      | Became a worshipper of Makhleb the Destroyer
  3076 | D:2      | Reached XP level 4. HP: 19/19 MP: 6/8
  3112 | D:3      | Reached skill level 5 in Transmutations
  3755 | D:3      | Reached * piety under Makhleb
  3771 | D:3      | Reached XP level 5. HP: 13/22 MP: 1/9
  4507 | D:3      | Learned a level 5 spell: Blade Hands
  4578 | D:3      | Reached skill level 6 in Transmutations
  5441 | D:3      | Noticed Grinder
  5878 | D:3      | Gained mutation: You are frail. (-10% HP) [mutagenic glow]
  5936 | D:3      | Gained mutation: You are weak. (Str -2) [mutagenic glow]
  6301 | D:3      | Killed by miscasting Blade Hands
  6302 | D:3      | Reached XP level 4. HP: -1/17 MP: 0/8
  6535 | D:4      | Slain by a ball python

Levels and vault maps discovered:
D:1:      dpeg_arrival_stone_temple_mockup, layout_rooms
D:2:      layout_loops_cross, nicolae_overflow_crystal_walls, first_ration,
          minmay_pentomino_u4
D:3:      minmay_general_purpose_star, layout_basic, saegor_snake_ambush,
          uniq_grinder
D:4:      layout_basic, lemuel_coloured_pillars_altar,
          nicolae_ossuary_entry_plus

Skill      XL: |  1  2  3  4  5 |
---------------+----------------+-----
Transmutations | 3 4 5 6 |  6.4
Fighting       | |  1.0
Dodging        | |  2.6
Unarmed Combat | |  3.0
Spellcasting   | |  2.0

Action                   |  1- 3 |  4- 6 || total
-------------------------+-------+-------++-------
Melee: Unarmed           |   105 |   106 ||   211
       Bite              |     8 |     7 ||    15
       Headbutt          |    14 |    13 ||    27
 Cast: Beastly Appendage |    30 |    25 ||    55
       Sticks to Snakes  |     5 |     6 ||    11
       Blade Hands       |       |     2 ||     2
Evoke: Wand              |       |     3 ||     3
  Use: Potion            |       |     2 ||     2
 Stab: Sleeping          |     3 |     7 ||    10
  Eat: Chunk             |    12 |     8 ||    20
Armor: Skin              |    11 |     9 ||    20
Dodge: Dodged            |    97 |    95 ||   192
